 Dungeon Crawl Stone Soup version 0.23.1 (webtiles) character file.

Game seed: 11763626845534179597

3259 Yunesin the Cleaver (level 10, -1/103 HPs)
             Began as an Octopode Berserker on Mar 14, 2019.
             Was a High Priest of Trog.
             Slain by a hornet (5 damage)
             ... on level 8 of the Dungeon.
             The game lasted 00:24:19 (7579 turns).

Yunesin the Cleaver (Octopode Berserker)            Turns: 7579, Time: 00:24:20

Health: -1/103     AC:  1    Str: 21    XL:     10   Next: 0%
Magic:  10/10      EV: 19    Int:  6    God:    Trog [*****.]
Gold:   352        SH:  0    Dex: 15    Spells: 9/9 levels left

rFire    + . .     SeeInvis +   h - +1 hand axe of Generosity {flame, rF+ MR++ Int-4 SInv}
rCold    . . .     Gourm    .   (no shield)
rNeg     . . .     Faith    .   (helmet restricted)
rPois    .         Spirit   .   (no amulet)
rElec    .         Reflect  .   (no ring)
rCorr    .         Harm     .   (no ring)
MR       ++...                  (no ring)
Stlth    ..........             (no ring)
HPRegen  0.27/turn              (no ring)
MPRegen  0.12/turn              (no ring)
                                (no ring)
                                (no ring)

@: berserking, lethally poisoned (-1 -> -8), slowed
A: almost no armour, stealthy swim, amphibious, 8 rings, constrict 8, camouflage
1, gelatinous body 1
a: Berserk, Trog's Hand, Brothers in Arms, Renounce Religion


You were on level 8 of the Dungeon.
You worshipped Trog.
Trog was extremely pleased with you.
You were hungry.

You visited 1 branch of the dungeon, and saw 8 of its levels.
You also visited: Sewer and Ossuary.

You collected 352 gold pieces.

Inventory:

Hand Weapons
 a - a +0 hand axe
 h - the +1 hand axe of Generosity (weapon) {flame, rF+ MR++ Int-4 SInv}
   (You found it on level 4 of the Dungeon)

   It has been specially enchanted to burn those struck by it, causing extra
   injury to most foes and up to half again as much damage against particularly
   susceptible opponents.
   Big, fiery blades are also staple armaments of hydra-hunters.
   It affects your intelligence (-4).
   It protects you from fire.
   It affects your resistance to hostile enchantments.
   It lets you see invisible.
Jewellery
 t - an uncursed amulet of magic regeneration {unknown}
 y - an uncursed amulet of faith {unknown}
Wands
 u - a wand of digging (5)
 B - a wand of random effects (11)
 D - a wand of disintegration (5)
Scrolls
 c - 3 scrolls of immolation {unknown}
 d - 5 scrolls of blinking {unknown}
 g - 9 scrolls of identify {unknown}
 i - 5 scrolls of magic mapping {unknown}
 l - 4 scrolls of teleportation {unknown}
 m - 3 scrolls of enchant weapon {unknown}
 n - 4 scrolls of amnesia {unknown}
 p - 4 scrolls of remove curse {unknown}
 s - a scroll of noise {unknown}
 w - 2 scrolls of fog {unknown}
 x - a scroll of holy word {unknown}
 E - 2 scrolls of random uselessness {unknown}
 G - a scroll of summoning {unknown}
Potions
 e - 6 potions of flight
 f - 3 potions of brilliance {unknown}
 j - 4 potions of curing
 k - 6 potions of might {unknown}
 o - 4 potions of lignification {unknown}
 q - a potion of resistance {unknown}
 r - 2 potions of degeneration {unknown}
 v - 2 potions of heal wounds {unknown}
 z - a potion of magic {unknown}
 A - a potion of agility {unknown}
 C - a potion of cancellation {unknown}
 F - a potion of invisibility {unknown}
 H - a potion of ambrosia {unknown}
Comestibles
 b - 11 rations


   Skills:
 + Level 6.8 Fighting
 * Level 9.3 Axes
 * Level 9.2 Dodging


You had 9 spell levels left.
You didn't know any spells.
Your spell library contained the following spells:

 Spells                   Type           Power        Failure   Level  Hunger
 Summon Small Mammal      Summ           #...         45%         1    ##.....
 Call Imp                 Summ           #.......     58%         2    ###....
 Call Canine Familiar     Summ           #.......     83%         3    ####...
 Summon Guardian Golem    Hex/Summ       #.......     83%         3    ####...
 Summon Ice Beast         Ice/Summ       #.......     99%         4    #####..
 Summon Lightning Spire   Summ/Air       #.......     99%         4    #####..


Dungeon Overview and Level Annotations

Branches:
Dungeon (8/15)             Temple (0/1) D:4
   Lair: D:8-11

Altars:
Sif Muna
Wu Jian
Zin


Innate Abilities, Weirdness & Mutations

You cannot wear most types of armour.
You are very stealthy in the water. (Stealth+)
You are amphibious.
You can wear up to eight rings at the same time.
You can use your tentacles to constrict eight enemies at once.
Your skin changes colour to match your surroundings (Stealth+).
Your rubbery body absorbs attacks. (AC +1, EV +1)


Message History

* * * LOW HITPOINT WARNING * * *
You suddenly lose the ability to move!
You lose your grip on the hornet.
You feel sick. The hornet stings you!
* * * LOW HITPOINT WARNING * * *
You feel as though you will be slow longer.
You feel sick.
The hornet stings you but does no damage.
The hornet stings you!
* * * LOW HITPOINT WARNING * * *
You feel as though you will be slow longer.
* * * LOW HITPOINT WARNING * * *
You feel sick. The hornet barely misses you.
You can move again.
You are too berserk!
You miss the hornet. You grab the hornet. Your squeeze misses the hornet.
The hornet is heavily wounded.
You constrict the hornet.
* * * LOW HITPOINT WARNING * * *
You feel sick. The hornet stings you.
You die...

#. #.
##...........#
#..#.)..........
#..#...........#
#...........$.#
.........>...#
#..........#
#........#####
#....@y....#
#....#####...
#.#### #.# #.##
##..# #...#
#...# #...#


You could see a hornet.

Vanquished Creatures
  A spriggan (D:7)
  An ice beast (D:7)
  4 ogres
  2 phantoms
  2 centaurs
  3 big kobolds
  Blork the orc (D:6)
  2 bullfrogs
  A water moccasin zombie (D:7)
  9 scorpions
  3 killer bees (D:7)
  A howler monkey (D:5)
  A crimson imp (D:7)
  2 centaur zombies (Ossuary)
  A bullfrog skeleton (D:8)
  3 hounds
  6 human zombies (Ossuary)
  2 orc priests
  Crazy Yiuf (D:2)
  4 orc wizards
  7 worker ants
  A big kobold zombie (Ossuary)
  A hound zombie (D:5)
  2 hound skeletons (D:4)
  3 mummies (Ossuary)
  A worker ant zombie (D:7)
  6 gnolls
  6 scorpion zombies (Ossuary)
  10 adders
  A river rat (D:5)
  A shadow imp (D:5)
  3 oozes
  An adder zombie (D:8)
  5 worms
  2 dart slugs
  3 leopard geckos
  24 orcs
  6 ball pythons
  A bat (D:2)
  3 giant cockroaches
  8 goblins
  6 hobgoblins
  8 jackals
  2 quokkas
  A frilled lizard (D:1)
  2 gnoll zombies (Ossuary)
  A goblin zombie (Ossuary)
  2 hobgoblin zombies (Ossuary)
  A jackal zombie (D:5)
  26 kobolds
  A kobold zombie (Ossuary)
  An orc zombie (Ossuary)
  12 rats
208 creatures vanquished.

Notes
Turn   | Place    | Note
-------+----------+-------------------------------------------
     0 | D:1      | Yunesin the Octopode Berserker began the quest for the Orb.
     0 | D:1      | Reached XP level 1. HP: 16/16 MP: 1/1
   361 | D:1      | Reached XP level 2. HP: 21/21 MP: 2/2
   992 | D:2      | Found a deep blue altar of Sif Muna.
  1001 | D:2      | Found an ornate altar of the Wu Jian Council.
  1139 | D:2      | Reached XP level 3. HP: 26/26 MP: 3/3
  1316 | D:2      | Found a runed translucent door.
  1317 | D:2      | Noticed Crazy Yiuf
  1561 | D:2      | Killed Crazy Yiuf
  1561 | D:2      | Reached XP level 4. HP: 31/31 MP: 4/4
  1619 | D:3      | Reached ** piety under Trog
  1920 | D:3      | Reached XP level 5. HP: 23/36 MP: 5/5
  2288 | D:4      | Noticed a phantom
  2298 | D:4      | Killed a phantom
  2298 | D:4      | Reached XP level 6. HP: 43/43 MP: 6/6
  2449 | D:4      | Reached skill level 5 in Axes
  2449 | D:4      | Reached skill level 5 in Dodging
  2482 | D:4      | Got a blackened hand axe
  2515 | D:4      | Identified the +1 hand axe of Generosity {flame, rF+ MR++
                  | Int-4 SInv} (You found it on level 4 of the Dungeon)
  2760 | D:4      | Found a staircase to the Ecumenical Temple.
  2769 | D:4      | Reached XP level 7. HP: 48/48 MP: 7/7
  3012 | D:4      | Reached *** piety under Trog
  3444 | D:5      | Entered Level 5 of the Dungeon
  3515 | D:5      | Found a glowing drain.
  3534 | D:5      | Reached XP level 8. HP: 31/54 MP: 8/8
  3592 | D:5      | Reached skill level 5 in Fighting
  3613 | Sewer    | Entered a sewer
  4217 | D:5      | Reached **** piety under Trog
  4280 | D:5      | Found a glowing silver altar of Zin.
  4934 | D:6      | Noticed Blork the orc
  4942 | D:6      | Killed Blork the orc
  5570 | D:7      | Reached XP level 9. HP: 62/62 MP: 9/9
  6698 | D:8      | Found a sand-covered staircase.
  6737 | Ossuary  | Entered an ossuary
  6969 | Ossuary  | Reached ***** piety under Trog
  7198 | Ossuary  | Received a gift from Trog
  7203 | Ossuary  | HP: 2/63 [scorpion zombie (6)]
  7479 | Ossuary  | Reached XP level 10. HP: 69/69 MP: 10/10
  7572 | D:8      | Paralysed by a hornet for 2 turns
  7575 | D:8      | Paralysed by a hornet for 3 turns
  7577 | D:8      | HP: 5/103 [hornet (9)]
  7579 | D:8      | Slain by a hornet

Skill      XL: |  1  2  3  4  5  6  7  8  9 |
---------------+----------------------------+-----
Axes           | 4 5 6 7 9 |  9.3
Dodging        | 4 5 6 7 9 |  9.2
Fighting       | 4 5 6 |  6.8

Action                   |  1- 3 |  4- 6 |  7- 9 | 10-12 || total
-------------------------+-------+-------+-------+-------++-------
Melee: Hand axe          |    47 |    67 |   350 |     4 ||   468
       Tentacles         |     7 |    17 |    99 |       ||   123
       Constrict         |    13 |    20 |    87 |     3 ||   123
Invok: Berserk           |     2 |     3 |     6 |     1 ||    12
  Use: Potion            |       |       |     3 |       ||     3
 Stab: Sleeping          |     7 |     2 |     9 |       ||    18
  Eat: Chunk             |     2 |     5 |    18 |       ||    25
       Ration            |       |     1 |     1 |       ||     2
Armor: Skin              |     2 |     1 |     8 |     1 ||    12
Dodge: Dodged            |    30 |    28 |   242 |     5 ||   305
